 Dungeon Crawl Stone Soup version 0.31-a0-188-g5e087ee2ca (webtiles) character file.

Game seed: 10240782663290230619

1106 qw the Skirmisher (level 8, -5/45 HPs)
             Began as a Deep Elf Hunter on June 22, 2023.
             Was an Initiate of Okawaru.
             Slain by an ogre
             ... wielding a +0 giant spiked club
              (28 damage)
             ... on level 6 of the Dungeon.
             The game lasted 00:02:03 (4221 turns).

qw the Skirmisher (Deep Elf Hunter)                 Turns: 4221, Time: 00:02:04

Health: -5/45      AC: 10    Str: 10      XL:     8   Next: 11%
Magic:  10/10      EV: 11    Int: 14 (15) God:    Okawaru [......]
Gold:   250        SH:  0    Dex: 16 (18) Spells: 7/7 levels left

rFire   + + .        Y - +2 orcbow
rCold   . . .        (shield currently unavailable)
rNeg    . . .        e - +0 ring mail
rPois   .            i - +1 helmet
rElec   .            (no cloak)
rCorr   .            (no gloves)
SInv    .            g - +2 pair of boots
Will    .....        (no amulet)
Stlth   +            l - ring of protection from fire
HPRegen 0.27/turn    c - ring of protection from fire
MPRegen 0.12/turn

%: no passive effects
@: lethally poisoned (-5 -> -8)
A: no striking features
a: Renounce Religion


You were on level 6 of the Dungeon.
You worshipped Okawaru.
Okawaru was noncommittal.
You visited 1 branch of the dungeon, and saw 6 of its levels.

You collected 250 gold pieces.


   Skills:
 + Level 2.9 Fighting
 - Level 12.1 Ranged Weapons
 - Level 1.0 Armour
 - Level 4.1 Dodging
 - Level 1.2 Stealth


You had 7 spell levels left.
You didn't know any spells.
Your spell library was empty.

Inventory:

Hand Weapons
 Y - a +2 orcbow (weapon)
Armour
 e - a +0 ring mail (worn)
 g - a +2 pair of boots (worn)
 i - a +1 helmet (worn)
Jewellery
 c - a ring of protection from fire (right hand)
 l - a ring of protection from fire (left hand)
 m - a ring of willpower
Scrolls
 b - 2 scrolls of teleportation
Potions
 a - a potion of ambrosia {unknown}
 d - 3 potions of heal wounds
 f - a potion of enlightenment
 h - a potion of might {unknown}
 j - a potion of curing
 k - a potion of mutation {unknown}

Dungeon Overview and Level Annotations

Branches:
Dungeon (6/15)
 Temple: D:4-7

Altars:
Fedhas
Makhleb
Nemelex Xobeh
Okawaru
Yredelemnul

Shops:
D:6 !

Annotations:
D:3 3 runed translucent doors, qw's ghost, amateur DEHu


Message History

The arrow hits the scorpion.
The scorpion is moderately wounded.
You shoot an arrow. The arrow barely misses the scorpion.
You shoot an arrow.
The arrow hits the scorpion but does no damage.
The scorpion is moderately wounded.
The scorpion stings you but does no damage.
The scorpion closely misses you.
You shoot an arrow. The arrow barely misses the scorpion.
The scorpion stings you.
You shoot an arrow. The arrow hits the scorpion.
The scorpion is moderately wounded.
The scorpion stings you but does no damage.
You shoot an arrow. The arrow hits the scorpion!
The scorpion is severely wounded.
The scorpion stings you. x2
You shoot an arrow.
The arrow hits the scorpion but does no damage.
The scorpion is severely wounded.
The scorpion stings you.
You are poisoned.
The scorpion poisons you!
You shoot an arrow. The arrow barely misses the scorpion.
You feel very sick. The ogre barely misses you. The scorpion stings you.
You shoot an arrow.
The arrow hits the scorpion but does no damage.
The scorpion is severely wounded.
You feel sick. The scorpion barely misses you. The ogre barely misses you.
You shoot an arrow. The arrow hits the scorpion.
The scorpion is almost dead.
You feel sick.
The scorpion stings you but does no damage.
You shoot an arrow. The arrow hits the scorpion!
You kill the scorpion!
Okawaru accepts your kill.
You feel sick.
The ogre hits you with a +0 giant spiked club!!
Ouch! That really hurt!
You die...

....#.....# ....#.....#
...>#.....# ....#.....#
....#.....# ....#.....#
....#.....# #####
....#.....# #...#
....#.....# +.@##
....#.....######Oo......
....#.....#...##.'.).\..
....#.....#....'.'......
#####.....#...##.##.....
....#.....#...######...#
....#.....#...##...#####
....#)....#...##.......#
....'.....#............#


You could see an ogre and an orc.

Vanquished Creatures
  Menkaure (D:4)
  Edmund (D:4)
  A sky beast (D:4)
  2 black bears
  An ogre (D:3)
  A scorpion (D:6)
  3 wights (D:6)
  A hound (D:5)
  3 sleepcaps
  An iguana (D:4)
  10 adders
  4 gnolls (D:5)
  5 worms
  2 dart slugs
  An orc (D:3)
  7 bats
  7 endoplasms
  3 giant cockroaches
  9 goblins
  7 hobgoblins
  4 quokkas
  3 ball pythons
  3 frilled lizards
  17 kobolds
  6 rats
103 creatures vanquished.

Notes
Turn   | Place    | Note
-------+----------+-------------------------------------------
     0 | D:1      | qw the Deep Elf Hunter began the quest for the Orb.
     0 | D:1      | Reached XP level 1. HP: 12/12 MP: 3/3
     0 | D:1      | 0 ||| qw: Version: 0.3-a-9-g12657ce
     0 | D:1      | 0 ||| qw: Game counter: 2889
     0 | D:1      | 0 ||| qw: Always use a shield: true
     0 | D:1      | 0 ||| qw: God list: Okawaru
     0 | D:1      | 0 ||| qw: Allow faded altars: false
     0 | D:1      | 0 ||| qw: Do Orc after D:15 true
     0 | D:1      | 0 ||| qw: Do second Lair branch before Depths: true
     0 | D:1      | 0 ||| qw: Lair rune preference: random
     0 | D:1      | 0 ||| qw: Plans: Normal
     0 | D:1      | 0 ||| PLANNING D:1-11
    98 | D:1      | Reached skill level 6 in Ranged Weapons
    98 | D:1      | Reached XP level 2. HP: 16/16 MP: 4/4
   368 | D:1      | 368 ||| UPGRADING to +0 pair of boots.
   373 | D:1      | 373 ||| READING scroll labelled JOBAAKETYU.
   377 | D:1      | 377 ||| DRINKING 2 ruby potions.
   378 | D:1      | 378 ||| DRINKING 2 puce potions.
   379 | D:1      | 379 ||| DROPPING scroll of butterflies.
   441 | D:2      | Reached XP level 3. HP: 20/20 MP: 5/5
   484 | D:2      | Reached skill level 7 in Ranged Weapons
   538 | D:2      | Found a basalt altar of Yredelemnul.
   590 | D:2      | 590 ||| SWAPPING to +0 orcbow.
   591 | D:2      | 591 ||| DROPPING +0 shortbow.
   924 | D:2      | Reached XP level 4. HP: 25/25 MP: 6/6
  1100 | D:2      | 1100 ||| READING scroll labelled POSCHI JIOCVET.
  1101 | D:2      | 1101 ||| READING 2 scrolls labelled YLLETS NISUCI.
  1102 | D:2      | 1102 ||| READING scroll of enchant armour.
  1102 | D:2      | 1102 ||| ENCHANTING +0 pair of boots.
  1103 | D:2      | 1103 ||| READING scroll labelled CAEKAS RUNIE.
  1104 | D:2      | 1104 ||| READING scroll labelled ZITOUBB OMNI.
  1105 | D:2      | 1105 ||| READING scroll labelled ERCHEF AKHLIWAFU.
  1107 | D:2      | 1107 ||| Stepping ~*~*~tactically~*~*~ (cloud).
  1115 | D:2      | HP: 6/25 [poisoned by you (poison gas)]
  1397 | D:3      | 1397 ||| READING scroll of enchant armour.
  1397 | D:3      | 1397 ||| ENCHANTING +1 pair of boots.
  1403 | D:3      | 1403 ||| READING scroll of enchant weapon.
  1403 | D:3      | 1403 ||| ENCHANTING +1 orcbow.
  1638 | D:3      | Reached skill level 8 in Ranged Weapons
  1807 | D:3      | Found a runed translucent gate.
  1807 | D:3      | Found a runed translucent gate.
  1807 | D:3      | Found a runed translucent gate.
  1969 | D:3      | Noticed an ogre
  1972 | D:3      | Killed an ogre
  1973 | D:3      | Reached skill level 9 in Ranged Weapons
  1973 | D:3      | Reached XP level 5. HP: 29/29 MP: 7/7
  2056 | D:3      | Noticed qw's ghost (amateur DEHu)
  2061 | D:3      | 2061 ||| UPGRADING to +0 helmet.
  2066 | D:3      | 2066 ||| READING scroll of enchant armour.
  2066 | D:3      | 2066 ||| ENCHANTING +0 helmet.
  2067 | D:3      | 2067 ||| UPGRADING to ring of protection from fire.
  2068 | D:3      | 2068 ||| READING scroll labelled DIGARA XISOC.
  2069 | D:3      | 2069 ||| DRINKING 2 fuming coppery potions.
  2124 | D:4      | Noticed a black bear
  2133 | D:4      | Killed a black bear
  2134 | D:4      | Reached XP level 6. HP: 15/34 MP: 8/8
  2174 | D:4      | 2174 ||| FLEEEEING.
  2183 | D:4      | 2183 ||| STAIRDANCE
  2441 | D:4      | Noticed a sky beast
  2455 | D:4      | Killed a sky beast
  2489 | D:4      | Reached skill level 10 in Ranged Weapons
  2490 | D:4      | Noticed Menkaure
  2491 | D:4      | 2491 ||| FLEEEEING.
  2495 | D:4      | Killed Menkaure
  2496 | D:4      | Reached XP level 7. HP: 37/40 MP: 9/9
  2726 | D:4      | Noticed Edmund
  2740 | D:4      | Killed Edmund
  2741 | D:4      | Reached skill level 11 in Ranged Weapons
  2741 | D:4      | 2741 ||| FLEEEEING.
  2743 | D:4      | 2743 ||| FLEEEEING.
  2745 | D:4      | 2745 ||| FLEEEEING.
  2747 | D:4      | 2747 ||| FLEEEEING.
  2748 | D:4      | 2748 ||| FLEEEEING.
  2749 | D:4      | 2749 ||| FLEEEEING.
  2750 | D:4      | 2750 ||| FLEEEEING.
  2751 | D:4      | 2751 ||| FLEEEEING.
  2753 | D:4      | 2753 ||| FLEEEEING.
  2754 | D:4      | 2754 ||| FLEEEEING.
  2755 | D:4      | 2755 ||| FLEEEEING.
  2756 | D:4      | 2756 ||| FLEEEEING.
  2757 | D:4      | 2757 ||| FLEEEEING.
  2758 | D:4      | 2758 ||| FLEEEEING.
  2760 | D:4      | 2760 ||| FLEEEEING.
  2761 | D:4      | 2761 ||| STAIRDANCE
  2874 | D:3      | 2874 ||| UPGRADING to +0 ring mail.
  2884 | D:3      | 2884 ||| DROPPING +0 leather armour.
  2885 | D:3      | 2885 ||| READING scroll labelled UTODOOC CIAL AXU.
  3278 | D:4      | 3278 ||| DRINKING 2 black potions.
  3279 | D:4      | 3279 ||| DROPPING potion of degeneration.
  3293 | D:5      | Entered Level 5 of the Dungeon
  3474 | D:5      | Reached skill level 1 in Armour
  3851 | D:5      | Found a sparkling altar of Nemelex Xobeh.
  3857 | D:5      | Found a burning altar of Makhleb.
  3858 | D:5      | Found a blossoming altar of Fedhas.
  3860 | D:5      | Found an iron altar of Okawaru.
  3861 | D:5      | 3861 ||| PLANNING OKAWARU WORSHIP
  3861 | D:5      | 3861 ||| UPGRADING to ring of protection from fire.
  3866 | D:5      | Became a worshipper of Warmaster Okawaru
  3867 | D:5      | 3867 ||| PLANNING D:1-11
  4029 | D:6      | Reached skill level 12 in Ranged Weapons
  4031 | D:6      | Reached XP level 8. HP: 42/44 MP: 10/10
  4040 | D:6      | HP: 11/44 [wight/+2 scimitar (3)]
  4041 | D:6      | 4041 ||| READING 3 scrolls of teleportation.
  4042 | D:6      | 4042 ||| DRINKING 4 potions of heal wounds.
  4210 | D:6      | Found Hoasagivarch's Distillery.
  4221 | D:6      | Slain by an ogre

Levels and vault maps discovered:
D:1:      minmay_arrival_jagged, layout_rooms
D:2:      layout_basic, basic_altar, lexackson_kobold_supper
D:3:      layout_basic, gammafunk_ghost_necromancy, minmay_misc_feat_rows,
          chequers_jeans
D:4:      layout_basic, chequers_serial_rivers_small_a, hellmonk_no_cap,
          uniq_edmund, uniq_menkaure
D:5:      layout_loops_cross, minitemple, minmay_holes
D:6:      layout_gridville, nicolae_elyvilon_temple_path, minmay_misc_feat_chi,
          kennysheep_windowed_goal

Skill      XL: |  1  2  3  4  5  6  7 |
---------------+----------------------+-----
Ranged Weapons | 6 7 9 10 12 | 12.1
Dodging        | 4 |  4.1
Fighting       | 2 |  2.9
Armour         | 1 |  1.0
Stealth        | |  1.2

Action                     |  1- 3 |  4- 6 |  7- 9 || total
---------------------------+-------+-------+-------++-------
   Fire: Shortbow          |    65 |       |       ||    65
         Orcbow            |    35 |   271 |    97 ||   403
    Use: Potion            |     2 |     1 |     2 ||     5
         Scroll            |     1 |    10 |     2 ||    13
 Armour: Leather armour    |     4 |    13 |     3 ||    20
         Ring mail         |       |       |    11 ||    11
  Dodge: Dodged            |    12 |    19 |    27 ||    58

Table legend:
 A = Non-vault XP
 B = Vault XP
 C = Vault XP percentage of total XP
 D = Non-vault monster count
 E = Vault monster count
 F = Vault count percentage of total count
                 A         B        C        D         E       F
            +---------+---------+-------+---------+---------+-------
      Total |    1154 |     514 |  30.8 |      88 |      15 |  14.6
            +---------+---------+-------+---------+---------+-------
        D:1 |      34 |       0 |   0.0 |      19 |       0 |   0.0
        D:2 |      63 |      10 |  13.7 |      20 |       8 |  28.6
        D:3 |     190 |       0 |   0.0 |      15 |       0 |   0.0
        D:4 |     362 |     417 |  53.5 |      22 |       6 |  21.4
        D:5 |     150 |       0 |   0.0 |       7 |       0 |   0.0
        D:6 |     355 |      87 |  19.7 |       5 |       1 |  16.7
            +---------+---------+-------+---------+---------+-------
